 Dungeon Crawl Stone Soup version 0.30-a0-358-g0d69a1922f (webtiles) character file.

Game seed: 9325068399327820898

783 hikkokomori the Conjurer (level 7, -1/36 HPs)
             Began as a Deep Elf Conjurer on Nov 10, 2022.
             Was a Believer of the Shining One.
             Slain by a centaur
             ... wielding a +0 spear
              (3 damage)
             ... on level 5 of the Dungeon.
             The game lasted 00:10:23 (4351 turns).

hikkokomori the Conjurer (Deep Elf Conjurer)        Turns: 4351, Time: 00:10:24

Health: -1/36      AC:  4    Str:  6    XL:     7   Next: 55%
Magic:  7/18       EV: 12    Int: 19    God:    the Shining One [**....]
Gold:   185        SH:  7    Dex: 15    Spells: 11/18 levels left

rFire   . . .      SeeInvis .    l - +0 long sword
rCold   + . .      Faith    .    (no shield)
rNeg    + . .      Spirit   .    a - +0 robe
rPois   .          Reflect  .    p - +0 helmet
rElec   .          Harm     .    (no cloak)
rCorr   .          Rampage  .    (no gloves)
Will    .....                    n - +0 pair of boots of the Present {rC+ Int-4 Dex+2 Slay+2}
Stlth   +.........               (no amulet)
HPRegen 0.26/turn                (no ring)
MPRegen 0.16/turn                (no ring)

@: divinely shielded, glowing
A: no striking features
a: Renounce Religion, Divine Shield


You were on level 5 of the Dungeon.
You worshipped the Shining One.
The Shining One was pleased with you.
You visited 1 branch of the dungeon, and saw 5 of its levels.

You collected 185 gold pieces.

Inventory:

Hand Weapons
 i - a +0 sling
 l - a +0 long sword (weapon)
 y - the +7 Throatcutter {drain, coup de grace}
   (You found it on level 4 of the Dungeon)

   A truly terrible weapon, it drains the life of any living foe it strikes.
   It may instantly kill foes which have little health.
   The Shining One disapproves of the use of such an item.
Missiles
 k - 2 curare-tipped darts
 q - 3 boomerangs of dispersal
Armour
 a - a +0 robe (worn)
 n - the +0 pair of boots of the Present (worn) {rC+ Int-4 Dex+2 Slay+2}
   (You found it on level 2 of the Dungeon)

   Int:       It affects your intelligence (-4).
   Dex:       It affects your dexterity (+2).
   Slay:      It affects your accuracy & damage with ranged weapons and melee
   (+2).
   rC:        It protects you from cold.
 p - a +0 helmet (worn)
 A - a +0 leather armour
Magical Staves
 x - a staff of poison
Jewellery
 r - a ring of poison resistance
 B - a ring of flight
Wands
 t - a wand of flame (29)
Scrolls
 c - 3 scrolls of immolation {unknown}
 e - 10 scrolls of teleportation {unknown}
 g - 2 scrolls of vulnerability {unknown}
 h - 4 scrolls of identify {unknown}
 m - a scroll of silence {unknown}
 v - a scroll of acquirement {unknown}
 w - 2 scrolls of enchant armour {unknown}
Potions
 b - a potion of magic
 d - 3 potions of curing {unknown}
 f - 2 potions of degeneration {unknown}
 j - 2 potions of brilliance {unknown}
 o - 2 potions of attraction {unknown}
 s - a potion of mutation {unknown}
 u - a potion of lignification {unknown}
 z - a potion of invisibility {unknown}


   Skills:
 + Level 0.0 Fighting
 - Level 2.5 Dodging
 - Level 3.2 Stealth
 - Level 6.1 Spellcasting
 * Level 7.0 Conjurations
 * Level 4.8 Hexes
 - Level 3.3 Invocations


You had 11 spell levels left.
You knew the following spells:

 Your Spells              Type           Power      Damage    Failure   Level
a - Magic Dart            Conj           100%       1d8       1%          1
b - Searing Ray           Conj           64%        2d6       1%          2
c - Fulminant Prism       Conj/Hex       14%        3d8       10%         4

Your spell library contained the following spells:

 Spells                   Type           Power      Damage    Failure   Level
 Dazzling Flash           Conj/Hex       56%        N/A       2%          3
 Iskenderun's Mystic Bla  Conj/Tloc      19%        2d6       26%         4
 Ignite Poison            Fire/Tmut/Pois 5%         N/A       32%         3
 Kindle Blastsparks       Fire/Tloc/Air  10%        2d10      32%         3
 Ozocubu's Armour         Ice            5%         N/A       32%         3
 Summon Lightning Spire   Summ/Air       5%         N/A       73%         4
 Freezing Cloud           Conj/Ice/Air   7%         6-21      75%         5
 Ozocubu's Refrigeration  Ice            2%         4d8       100%        7
 Storm Form               Tmut/Air       2%         N/A       100%        7
 Maxwell's Capacitive Co  Air            2%         ∞         100%        8


Dungeon Overview and Level Annotations

Branches:
Dungeon (4/15)
 Temple: D:4-7

Altars:
Fedhas
Qazlal
The Shining One


Message History

The searing ray hits the centaur.
The centaur is lightly wounded. (Press . to maintain the ray.)
The centaur hits you with a +0 spear.
* * * LOW HITPOINT WARNING * * *
The centaur misses you. The centaur hits you with a +0 spear.
* * * LOW HITPOINT WARNING * * *
The centaur kicks you but does no damage.
The searing ray hits the centaur!
The centaur is heavily wounded.
The centaur hits you with a +0 spear.
* * * LOW HITPOINT WARNING * * *
The centaur kicks you but does no damage.
The searing ray hits the centaur.
The centaur is almost dead.
The centaur closely misses you. The centaur barely misses you.
The centaur drinks a potion.
The centaur is healed!
The searing ray hits the centaur!
The centaur is heavily wounded.
You finish channelling your searing ray.
The centaur closely misses you.
The centaur kicks you but does no damage.
You feel much better. The centaur hits you with a +0 spear.
The centaur barely misses you. The centaur hits you with a +0 spear.
The centaur kicks you.
* * * LOW HITPOINT WARNING * * *
Casting: Searing Ray (safe; 1% risk of failure)
Confirm with . or Enter, or press ? or * to list all spells.
The spell is quite dangerous to miscast (10% risk of failure)!
Continue anyway?
Aiming: Fulminant Prism (quite dangerous; 10% risk of failure)
Press: ? - help, Dir - move target, p - centaur You conjure a prism of explosive energy!
A fulminant prism comes into view.
The centaur hits you with a +0 spear!
* * * LOW HITPOINT WARNING * * *
The centaur barely misses you. A divine shield forms around you!
You block the centaur's attack.
The centaur kicks you but does no damage.
The centaur hits you with a +0 spear.
You die...

.. . ###. . #######.. ..
.......*. ...
.#.>....###....
#.....c........ #@..# #
##.### ##. #..#
##.).####.## ##....##...#
..##....### ##
#...#....###..
#...##.#.....#############
#..............†..........


You could see a centaur (ally target) and a friendly fulminant prism.

Vanquished Creatures
  2 ogres
  A phantom (D:4)
  A scorpion (D:4)
  2 howler monkeys
  5 hounds
  An iguana (D:4)
  Natasha (thrice) (D:3)
  5 adders
  A worm (D:3)
  5 dart slugs
  8 orcs
  6 endoplasms
  2 giant cockroaches (D:3)
  8 goblins
  7 hobgoblins
  6 jackals
  3 quokkas
  4 ball pythons
  5 bats
  7 frilled lizards
  5 kobolds
  3 rats
90 creatures vanquished.

Vanquished Creatures (others)
  10 fulminant prisms
10 creatures vanquished.

Grand Total: 100 creatures vanquished

Notes
Turn   | Place    | Note
-------+----------+-------------------------------------------
     0 | D:1      | hikkokomori the Deep Elf Conjurer began the quest for the
                  | Orb.
     0 | D:1      | Reached XP level 1. HP: 10/10 MP: 6/6
   182 | D:1      | Reached XP level 2. HP: 15/15 MP: 4/8
  1447 | D:2      | Found a faded altar of an unknown god.
  1455 | D:2      | Prayed at the altar of an unknown god.
  1455 | D:2      | Became a worshipper of the Shining One
  1455 | D:2      | Reached * piety under the Shining One
  1618 | D:2      | Learned a level 2 spell: Searing Ray
  1667 | D:2      | Reached XP level 3. HP: 15/19 MP: 10/10
  1687 | D:2      | Identified the +0 pair of boots of the Present {rC+ Int-4
                  | Dex+2 Slay+2}
  2084 | D:3      | Noticed Natasha
  2090 | D:3      | Killed Natasha
  2091 | D:3      | Reached skill level 5 in Conjurations
  2091 | D:3      | Reached skill level 1 in Invocations
  2091 | D:3      | Reached XP level 4. HP: 24/24 MP: 3/12
  2489 | D:3      | Noticed Natasha
  2497 | D:3      | Killed Natasha
  2515 | D:3      | Learned a level 4 spell: Fulminant Prism
  2655 | D:3      | Noticed Natasha
  2659 | D:3      | Killed Natasha
  2660 | D:3      | Reached skill level 5 in Spellcasting
  2660 | D:3      | Reached XP level 5. HP: 26/28 MP: 9/14
  3242 | D:4      | Noticed an ogre
  3242 | D:4      | Reached ** piety under the Shining One
  3248 | D:4      | Killed an ogre
  3249 | D:4      | Reached skill level 1 in Hexes
  3298 | D:4      | Reached skill level 6 in Conjurations
  3298 | D:4      | Reached XP level 6. HP: 31/32 MP: 6/16
  3394 | D:4      | Found a blossoming altar of Fedhas.
  3534 | D:4      | Found the +7 Throatcutter {drain, coup de grace}
  3635 | D:4      | Found a stormy altar of Qazlal.
  3680 | D:4      | Reached XP level 7. HP: 32/36 MP: 8/17
  3862 | D:4      | You fall into a shaft and drop 1 floor!
  3862 | D:5      | Entered Level 5 of the Dungeon
  4060 | D:5      | Reached skill level 7 in Conjurations
  4351 | D:5      | Slain by a centaur

Illustrated notes

Levels and vault maps discovered:
D:1:      dpeg_arrival_round_c, layout_basic, minmay_misc_feat_ornament
D:2:      layout_basic, basic_ecumenical_altar
D:3:      layout_basic, minmay_quadrilaterals, uniq_natasha
D:4:      layout_basic, fedhas_altar_1, grunt_qazlal_clouds, uniq_blork_the_orc
D:5:      layout_rooms, temple_fountains

Skill      XL: |  1  2  3  4  5  6  7 |
---------------+----------------------+-----
Stealth        | 3 |  3.2
Spellcasting   | 4 5 6 |  6.1
Conjurations   | 5 6 7 |  7.0
Invocations    | 1 2 3 |  3.3
Hexes          | 2 3 4 |  4.8
Dodging        | |  2.5

Action                   |  1- 3 |  4- 6 |  7- 9 || total
-------------------------+-------+-------+-------++-------
Melee: Long sword        |     6 |    16 |    28 ||    50
 Fire: Sling             |     4 |       |       ||     4
 Cast: Magic Dart        |    51 |    47 |     6 ||   104
       Searing Ray       |     3 |    11 |     3 ||    17
       Fulminant Prism   |       |     1 |    10 ||    11
Invok: Divine Shield     |       |       |     1 ||     1
  Use: Potion            |       |       |     1 ||     1
Armor: Robe              |     1 |     7 |    15 ||    23
Dodge: Dodged            |    10 |    21 |    36 ||    67
Block: Other             |       |       |     1 ||     1

Table legend: (Time is in decaauts)
 A = Elapsed time spent in this place.
 B = Non-inter-level travel time spent in this place.
 C = Inter-level travel time spent in this place.
 D = Time resting spent in this place.
 E = Time spent auto-exploring this place.
 F = Levels seen in this place.
 G = Mean time per level.
                   A        B        C        D        E       F      G
               +--------+--------+--------+--------+--------+-----+--------+
         Total |   4385 |   4179 |    206 |    133 |   3397 |   5 |  877.0 |
       Dungeon |   4385 |   4179 |    206 |    133 |   3397 |   5 |  877.0 |
               +--------+--------+--------+--------+--------+-----+--------+

Top non-repeatable levels by time:
     D:3: 1305 daAuts
     D:1: 1257 daAuts
     D:2: 670 daAuts
     D:4: 653 daAuts
     D:5: 498 daAuts
